 Dungeon Crawl Stone Soup version 0.30-a0-1114-gd936c97349 (webtiles) character file.

Game seed: 14176479631096834980

281 mandoloar the Shield-Bearer (level 6, -3/53 HPs)
             Began as a Gnoll Fighter on Apr 20, 2023.
             Slain by a cerulean imp
             ... wielding a +0 spear
             ... summoned by Natasha
              (4 damage)
             ... on level 4 of the Dungeon.
             The game lasted 00:12:45 (4287 turns).

mandoloar the Shield-Bearer (Gnoll Fighter)         Turns: 4287, Time: 00:12:46

Health: -3/53      AC:  0    Str: 17    XL:     6   Next: 27%
Magic:  9/9        EV: 14    Int:  7    God:
Gold:   169        SH:  0    Dex: 12    Spells: 9/9 levels left

rFire   . . .      SeeInvis .    a - melded +0 war axe
rCold   . . .      Faith    .    t - melded +0 kite shield
rNeg    . . .      Spirit   .    w - melded +0 plate armour
rPois   .          Reflect  .    l - melded +1 helmet
rElec   .          Rampage  .    (cloak currently unavailable)
rCorr   .                        n - melded +2 pair of gloves
Will    .....                    (boots currently unavailable)
Stlth   ++                       (no amulet)
HPRegen 0.28/turn                (ring currently unavailable)
MPRegen 0.11/turn                (ring currently unavailable)

@: pig-form (expiring), very quick
A: fast, no casting, small, (fangs 1), strong nose, distributed training
a: no special abilities


You were on level 4 of the Dungeon.
You were a filthy swine.
You visited 1 branch of the dungeon, and saw 4 of its levels.

You collected 169 gold pieces.

Inventory:

Hand Weapons
 a - a +0 war axe (melded)
Missiles
 e - 30 stones (quivered)
 o - 10 poisoned darts
Armour
 l - a +1 helmet (melded)
 n - a +2 pair of gloves (melded)
 t - a +0 kite shield (melded)
 w - a +0 plate armour (melded)
Wands
 d - a wand of mindburst (5)
Scrolls
 g - 2 scrolls of fog
 i - 2 scrolls of teleportation
 r - a scroll of vulnerability {unknown}
 u - a scroll of brand weapon {unknown}
 v - 2 scrolls of immolation {unknown}
Potions
 c - a potion of haste {unknown}
 f - a potion of lignification
 h - a potion of curing {unknown}
 j - 2 potions of brilliance
 k - a potion of flight
 m - a potion of degeneration {unknown}
 p - 2 potions of ambrosia
 q - a potion of invisibility {unknown}
 s - a potion of attraction {unknown}


   Skills:
 + Level 6.8 Fighting
 + Level 2.0 Short Blades
 + Level 2.0 Long Blades
 + Level 5.0 Axes
 + Level 2.0 Maces & Flails
 + Level 2.0 Polearms
 + Level 2.0 Staves
 + Level 2.0 Ranged Weapons
 + Level 2.0 Throwing
 + Level 6.8 Armour
 + Level 2.0 Dodging
 + Level 2.0 Stealth
 + Level 6.8 Shields
 + Level 2.0 Unarmed Combat
 + Level 2.0 Spellcasting
 + Level 1.5 Conjurations
 + Level 1.5 Hexes
 + Level 1.5 Summonings
 + Level 1.5 Necromancy
 + Level 1.5 Translocations
 + Level 1.5 Transmutations
 + Level 1.5 Fire Magic
 + Level 1.5 Ice Magic
 + Level 1.5 Air Magic
 + Level 1.5 Earth Magic
 + Level 1.5 Poison Magic
 + Level 2.1 Invocations
 + Level 2.0 Evocations


You had 9 spell levels left.
You didn't know any spells.
Your spell library contained the following spells:

 Spells                   Type           Power      Damage    Failure   Level
 Apportation              Tloc           4%         N/A       21%         1
 Necrotise                Necr           8%         1d4       21%         1
 Summon Small Mammal      Summ           8%         N/A       21%         1


Dungeon Overview and Level Annotations

Branches:
Dungeon (4/15)
 Temple: D:4-7

Altars:
Trog

Shops:
D:4 (

Annotations:
D:4 Natasha


Innate Abilities, Weirdness & Mutations

You are a filthy swine.
You move quickly.
Your equipment is almost entirely melded.
You are incapable of wielding weapons or throwing items.
You cannot cast spells.
((You have very sharp teeth.))
Your uncanny sense of smell can sniff out nearby items.
Your experience applies equally to all skills.


Message History

Natasha barely misses you.
You hit Natasha but do no damage.
Natasha is heavily wounded.
You closely miss Natasha.
Natasha is heavily wounded.
Natasha claws you.
You miss Natasha.
Natasha is heavily wounded.
Natasha closely misses you.
You hit Natasha.
Natasha is severely wounded.
Natasha casts a spell at you. The magic dart hits you!
* * * LOW HITPOINT WARNING * * *
You barely miss Natasha.
Natasha is severely wounded.
Natasha misses you.
You miss Natasha.
Natasha is severely wounded.
Natasha closely misses you.
You closely miss Natasha.
Natasha is severely wounded.
Your transformation is almost over.
Natasha mumbles some strange words.
You hit Natasha but do no damage.
Natasha is severely wounded.
You barely miss Natasha.
Natasha is severely wounded.
Natasha casts a spell.
The cerulean imp hits you from afar with a +2 spear.
* * * LOW HITPOINT WARNING * * *
You closely miss Natasha.
Natasha is severely wounded.
Natasha casts a spell.
The cerulean imp hits you from afar with a +2 spear!
* * * LOW HITPOINT WARNING * * *
You hit Natasha.
Natasha is almost dead.
The cerulean imp hits you from afar with a +0 spear.
You die...

# # #. # ##.#
#### . #### ...
... ... .... ...
... .... ####
#.# #.# #....
...###### #.#
#.##..!..
#..#....#
#.###5#......
........#
#†.hh.......8
####.)..# #
#.###5......#
####....#
#.##............
........#
#....#..........
####....#
####............
#....#
##............
######
#.............
##............
#....>......


You could see Natasha and 2 cerulean imps.

Vanquished Creatures
  A black bear (D:4)
  A sleepcap (D:4)
  Ijyb (D:3)
  Natasha (D:4)
  A gnoll (D:1)
  3 river rats (D:3)
  2 dart slugs
  2 worms (D:3)
  An orc (D:3)
  6 endoplasms
  4 giant cockroaches
  4 goblins
  9 hobgoblins
  3 kobolds
  3 quokkas
  13 ball pythons
  5 bats
  2 frilled lizards
  11 rats
73 creatures vanquished.

Notes
Turn   | Place    | Note
-------+----------+-------------------------------------------
     0 | D:1      | mandoloar the Gnoll Fighter began the quest for the Orb.
     0 | D:1      | Reached XP level 1. HP: 23/23 MP: 1/1
   203 | D:1      | Reached XP level 2. HP: 29/29 MP: 2/2
   280 | D:1      | Found a faded altar of an unknown god.
   349 | D:1      | Reached XP level 3. HP: 14/35 MP: 3/3
   501 | D:1      | Reached skill level 1 in Invocations
   730 | D:1      | Reached skill level 1 in Short Blades
   730 | D:1      | Reached skill level 1 in Long Blades
   730 | D:1      | Reached skill level 1 in Maces & Flails
   730 | D:1      | Reached skill level 1 in Polearms
   730 | D:1      | Reached skill level 1 in Staves
   730 | D:1      | Reached skill level 1 in Ranged Weapons
   730 | D:1      | Reached skill level 1 in Throwing
   730 | D:1      | Reached skill level 1 in Dodging
   730 | D:1      | Reached skill level 1 in Stealth
   730 | D:1      | Reached skill level 1 in Unarmed Combat
   730 | D:1      | Reached skill level 1 in Spellcasting
   730 | D:1      | Reached skill level 1 in Evocations
  1223 | D:2      | Reached XP level 4. HP: 37/41 MP: 5/5
  2580 | D:3      | Noticed Ijyb
  3002 | D:3      | Killed Ijyb
  3003 | D:3      | Reached skill level 1 in Conjurations
  3003 | D:3      | Reached skill level 1 in Hexes
  3003 | D:3      | Reached skill level 1 in Summonings
  3003 | D:3      | Reached skill level 1 in Necromancy
  3003 | D:3      | Reached skill level 1 in Translocations
  3003 | D:3      | Reached skill level 1 in Transmutations
  3003 | D:3      | Reached skill level 1 in Fire Magic
  3003 | D:3      | Reached skill level 1 in Ice Magic
  3003 | D:3      | Reached skill level 1 in Air Magic
  3003 | D:3      | Reached skill level 1 in Earth Magic
  3003 | D:3      | Reached skill level 1 in Poison Magic
  3215 | D:3      | Found a bloodstained altar of Trog.
  3262 | D:3      | Reached XP level 5. HP: 29/47 MP: 5/7
  3498 | D:4      | Found Mowunn's Antique Weapon Shop.
  3639 | D:4      | Noticed a black bear
  3656 | D:4      | Killed a black bear
  3657 | D:4      | Reached XP level 6. HP: 11/53 MP: 8/8
  3983 | D:4      | Reached skill level 5 in Axes
  4206 | D:4      | Noticed Natasha
  4226 | D:4      | Killed Natasha
  4261 | D:4      | Noticed Natasha
  4286 | D:4      | HP: 1/53 [cerulean imp/+2 spear[Natasha] (7)]
  4287 | D:4      | Slain by a cerulean imp

Illustrated notes

Levels and vault maps discovered:
D:1:      minmay_arrival_four_circles, layout_loops_ring,
          dreamdust_ecumenical_altar_angels_and_demons, minmay_rat_gold_closets
D:2:      layout_loops_ring
D:3:      layout_basic, lightli_temple_of_fire, portal_sewer_entry_e, uniq_ijyb
D:4:      layout_basic, dk_yredelemnul_ordeal, grunt_temple_overflow_open,
          nicolae_stop_n_shop_1, uniq_natasha

Skill      XL: |  1  2  3  4  5  6 |
---------------+-------------------+-----
Invocations    | 1 2 |  2.1
Short Blades   | 1 2 |  2.0
Long Blades    | 1 2 |  2.0
Maces & Flails | 1 2 |  2.0
Polearms       | 1 2 |  2.0
Staves         | 1 2 |  2.0
Ranged Weapons | 1 2 |  2.0
Throwing       | 1 2 |  2.0
Dodging        | 1 2 |  2.0
Stealth        | 1 2 |  2.0
Unarmed Combat | 1 2 |  2.0
Spellcasting   | 1 2 |  2.0
Evocations     | 1 2 |  2.0
Conjurations   | 1 |  1.5
Hexes          | 1 |  1.5
Summonings     | 1 |  1.5
Necromancy     | 1 |  1.5
Translocations | 1 |  1.5
Transmutations | 1 |  1.5
Fire Magic     | 1 |  1.5
Ice Magic      | 1 |  1.5
Air Magic      | 1 |  1.5
Earth Magic    | 1 |  1.5
Poison Magic   | 1 |  1.5
Axes           | 5 |  5.0
Fighting       | |  6.8
Armour         | |  6.8
Shields        | |  6.8

Action                     |  1- 3 |  4- 6 || total
---------------------------+-------+-------++-------
  Melee: War axe           |   103 |   101 ||   204
         Bite              |     5 |    10 ||    15
         Unarmed           |       |    22 ||    22
  Throw: Stone             |       |     3 ||     3
    Use: Scroll            |     3 |     4 ||     7
         Potion            |       |     1 ||     1
 Armour: Scale mail        |    45 |    71 ||   116
         Skin              |       |     6 ||     6
         Plate armour      |       |     3 ||     3
  Dodge: Dodged            |    39 |    58 ||    97
  Block: Buckler           |    41 |    11 ||    52
         Kite shield       |       |    43 ||    43

Table legend: (Time is in decaauts)
 A = Elapsed time spent in this place.
 B = Non-inter-level travel time spent in this place.
 C = Inter-level travel time spent in this place.
 D = Time resting spent in this place.
 E = Time spent auto-exploring this place.
 F = Levels seen in this place.
 G = Mean time per level.
                   A        B        C        D        E       F      G
               +--------+--------+--------+--------+--------+-----+--------+
         Total |   4366 |   4028 |    338 |   1810 |   1453 |   4 | 1091.5 |
       Dungeon |   4366 |   4028 |    338 |   1810 |   1453 |   4 | 1091.5 |
               +--------+--------+--------+--------+--------+-----+--------+

Top non-repeatable levels by time:
     D:2: 1355 daAuts
     D:3: 1221 daAuts
     D:1: 1122 daAuts
     D:4: 666 daAuts
